 Dungeon Crawl Stone Soup version 0.19-a0-1672-g679cadd (webtiles) character file.

1378 Ijustatesigmund the Magician (level 8, -2/44 HPs)
             Began as a Deep Elf Wizard on Sept 22, 2016.
             Was an Initiate of Cheibriados.
             Slain by a wyvern skeleton (8 damage)
             ... on level 6 of the Dungeon.
             The game lasted 00:30:18 (7758 turns).

Ijustatesigmund the Magician (Deep Elf Wizard)      Turns: 7758, Time: 00:30:20

Health: -2/44      AC:  3    Str:  5    XL:     8   Next: 39%
Magic:  10/19      EV: 14    Int: 26    God:    Cheibriados [......]
Gold:   48         SH:  0    Dex: 15    Spells: 5 memorised, 8 levels left

rFire  + . .     SeeInvis .     o - +2 dagger (vamp)
rCold  . . .     Gourm    .     k - +1 robe
rNeg   . . .     Faith    .     (no shield)
rPois  .         Spirit   .     b - +0 hat
rElec  .         Dismiss  .     (no cloak)
rCorr  .         Reflect  .     (no gloves)
MR     +....     Harm     .     (no boots)
Stlth  ++........               (no amulet)
                                z - ring of protection from fire
                                s - ring of protection from magic

@: repel missiles, very slow
A: no striking features
a: Bend Time, Renounce Religion


You were on level 6 of the Dungeon.
You worshipped Cheibriados.
Cheibriados was noncommittal.
You were hungry.

You visited 2 branches of the dungeon, and saw 7 of its levels.
You also visited: Sewer.

You collected 286 gold pieces.
You spent 238 gold pieces at shops.

Inventory:

Hand Weapons
 h - a +1 dagger
 o - a +2 vampiric dagger (weapon)
 p - a +0 rapier
Armour
 b - a +0 hat (worn)
 e - a +0 buckler
 k - a +1 robe (worn)
Jewellery
 s - a ring of protection from magic (left hand)
 z - a ring of protection from fire (right hand)
Wands
 r - a wand of flame (24/48)
 x - a wand of iceblast (10/15)
 B - a wand of enslavement (19/24)
Scrolls
 l - a scroll of teleportation
 t - 2 scrolls of immolation
 u - 2 scrolls of enchant armour
 y - a scroll of recharging
Potions
 a - a potion of might
 f - 2 potions of curing
 g - 4 potions of flight
 j - 2 potions of brilliance
 m - a potion of lignification
 n - 2 potions of agility {unknown}
 q - 4 potions of heal wounds
 v - a potion of cancellation {unknown}
 w - 2 potions of berserk rage {unknown}
Books
 c - a book of Minor Magic

   Spells                             Type                      Level
   a - Magic Dart                     Conjuration                  1
   b - Blink                          Translocation                2
   c - Call Imp                       Summoning                    2
   d - Repel Missiles                 Charms/Air                   2
   e - Slow                           Hexes                        2
   f - Conjure Flame                  Conjuration/Fire             3
   g - Mephitic Cloud                 Conjuration/Poison/Air       3
Comestibles
 i - 2 meat rations
 A - a beef jerky


   Skills:
 + Level 2.1 Fighting
 - Level 2.2 Short Blades
 + Level 3.6 Dodging
 - Level 2.4 Stealth
 - Level 6.3 Spellcasting
 - Level 5.3 Conjurations
   Level 1.1 Summonings
 - Level 3.7 Translocations
 - Level 3.4 Fire Magic
 - Level 3.9 Air Magic
 - Level 3.0 Poison Magic


You had 8 spell levels left.
You knew the following spells:

 Your Spells              Type           Power        Failure   Level  Hunger
a - Magic Dart            Conj           ####         1%          1    None
b - Blink                 Tloc           N/A          2%          2    None
c - Repel Missiles        Chrm/Air       ###...       4%          2    None
d - Mephitic Cloud        Conj/Pois/Air  ####....     4%          3    None
e - Conjure Flame         Conj/Fire      ####....     4%          3    None


Dungeon Overview and Level Annotations

Branches:
Dungeon (6/15)             Temple (1/1) D:6

Altars:
Ashenzari
Cheibriados
Dithmenos
Elyvilon
Fedhas
Gozag
Hepliaklqana
Kikubaaqudgha
Makhleb
Nemelex Xobeh
Okawaru
Qazlal
Ru
Sif Muna
Trog
Uskayaw
Vehumet
Xom
Yredelemnul
Zin

Shops:
D:5 ((*


Message History

Casting: Magic Dart
Confirm with . or Enter, or press ? or * to list all spells.
Aiming: Magic Dart
Press: ? - help, Shift-Dir - straight line, f/p - water moccasin zombie
Aim: a water moccasin zombie (almost destroyed)
The magic dart hits the water moccasin zombie.
You destroy the water moccasin zombie!
Cheibriados appreciates the change of pace.
Your Fighting skill increases to level 2!
The wyvern skeleton bites you.
* * * LOW HITPOINT WARNING * * *
Casting: Magic Dart
Confirm with . or Enter, or press ? or * to list all spells.
Aiming: Magic Dart
Press: ? - help, Shift-Dir - straight line, f - wyvern skeleton
Aim: a wyvern skeleton The magic dart hits the wyvern skeleton.
The wyvern skeleton is lightly damaged.
The wyvern skeleton bites you!
You die...

... #....##...# #..#..
#..##.........## #.###.
#..#....##....###.# #.
#.....###....##.## ##
##.....####..#...#####
##.......###.##........
#........#...#..##..###
.###...........###..###
##.@........# #..##.
#Z'####...####.....
..... #....###....#.
#.♣..♣.#.##..#..####.
+......+. ##..).###..
+..... +. ##..###..#
.♣..♣ #........# #.....
##.........
.......#####.


You could see a wyvern skeleton.

Vanquished Creatures
  A sky beast (D:5)
  A phantom (D:6)
  5 ogres
  3 big kobolds (Sewer)
  A bullfrog (D:6)
  A water moccasin zombie (D:6)
  2 hounds
  An iguana (D:5)
  2 orc wizards (D:5)
  4 worker ants
  10 adders
  3 river rats (Sewer)
  A shadow imp (D:6)
  A worm (D:3)
  A dart slug (D:1)
  5 leopard geckos
  11 orcs
  5 bats
  7 giant cockroaches
  7 goblins
  8 hobgoblins
  2 jackals (D:6)
  7 quokkas
  8 ball pythons
  5 frilled lizards
  18 kobolds
  28 rats
148 creatures vanquished.

Notes
Turn   | Place    | Note
-------+----------+-------------------------------------------
     0 | D:1      | Ijustatesigmund the Deep Elf Wizard began the quest for the Orb.
     0 | D:1      | Reached XP level 1. HP: 10/10 MP: 7/7
   230 | D:1      | Reached XP level 2. HP: 15/15 MP: 3/9
   234 | D:1      | Learned a level 2 spell: Blink
   237 | D:1      | Learned a level 2 spell: Repel Missiles
   640 | D:1      | You fall through a shaft!
  1116 | D:2      | Reached XP level 3. HP: 16/19 MP: 2/10
  1348 | D:2      | Learned a level 3 spell: Mephitic Cloud
  1950 | D:3      | Reached XP level 4. HP: 24/24 MP: 6/12
  1989 | D:3      | Learned a level 3 spell: Conjure Flame
  2174 | D:3      | Reached skill level 1 in Short Blades
  2186 | D:3      | Reached skill level 1 in Fighting
  2503 | D:4      | Noticed an ogre
  2512 | D:4      | Killed an ogre
  2512 | D:4      | Reached XP level 5. HP: 29/29 MP: 2/13
  2784 | D:4      | Reached skill level 1 in Poison Magic
  2851 | D:4      | Reached skill level 1 in Air Magic
  2856 | D:4      | Found a radiant altar of Vehumet.
  3055 | D:4      | Found a glowing drain.
  3067 | Sewer    | Entered a sewer
  3472 | Sewer    | Reached XP level 6. HP: 34/34 MP: 6/14
  4954 | D:5      | Entered Level 5 of the Dungeon
  4971 | D:5      | Reached XP level 7. HP: 38/38 MP: 6/16
  5044 | D:5      | Reached skill level 1 in Fire Magic
  5151 | D:5      | Found Xipn's General Store.
  5159 | D:5      | Bought a potion of curing for 42 gold pieces
  5159 | D:5      | Bought a wand of iceblast (10/15) for 196 gold pieces
  5376 | D:5      | Found Ocow's Antique Weapon Boutique.
  5561 | D:5      | Reached skill level 5 in Spellcasting
  5667 | D:5      | Found Eblopha's Weapon Shoppe.
  5929 | D:5      | Found a sacrificial altar of Ru.
  6023 | D:5      | Reached skill level 6 in Spellcasting
  6026 | D:5      | Reached skill level 5 in Conjurations
  6267 | D:5      | Reached XP level 8. HP: 25/43 MP: 7/19
  6545 | D:6      | Found a glowing silver altar of Zin.
  6774 | D:6      | Found a staircase to the Ecumenical Temple.
  6789 | Temple   | Entered the Ecumenical Temple
  7019 | Temple   | Became a worshipper of Cheibriados the Contemplative
  7758 | D:6      | Slain by a wyvern skeleton

Vault maps used:
D:1:      dpeg_arrival_rooms_b, feat_on_display
D:3:      first_bread
D:4:      portal_sewer_entry_a, st_stairs_11, vehumet_altar_wand_db
D:5:      serial_shops, shop, shop, nicolae_shop_overgrown_old_shop,
          nicolae_ru_path_of_blood
D:6:      zin_academy, kennysheep_generic_room_15
Temple:   eino_narrow_crystal_temple
Sewer:    sewer_minmay_treatment

Skill      XL: |  1  2  3  4  5  6  7  8 |
---------------+-------------------------+-----
Conjurations   | 2 3 5 |  5.3
Short Blades   | 1 2 |  2.2
Fighting       | 1 2 |  2.1
Translocations | 3 |  3.7
Poison Magic   | 1 3 |  3.0
Air Magic      | 1 3 |  3.9
Fire Magic     | 3 |  3.4
Spellcasting   | 6 |  6.3
Dodging        | 3 |  3.6
Stealth        | |  2.4
Summonings     | |  1.1

Action                   |  1- 3 |  4- 6 |  7- 9 || total
-------------------------+-------+-------+-------++-------
Melee: Dagger            |     8 |       |       ||     8
       Rapier            |     3 |    45 |    26 ||    74
 Cast: Magic Dart        |    85 |   161 |   168 ||   414
       Repel Missiles    |     1 |       |       ||     1
       Mephitic Cloud    |       |     8 |     6 ||    14
       Blink             |       |     3 |     5 ||     8
       Conjure Flame     |       |       |     1 ||     1
  Use: Scroll            |    12 |     4 |       ||    16
       Potion            |       |     7 |     1 ||     8
 Stab: Sleeping          |     2 |       |       ||     2
       Confused          |       |     2 |       ||     2
  Eat: Chunk             |     3 |     4 |     8 ||    15
       Royal jelly       |       |     1 |       ||     1
       Bread ration      |       |     1 |     1 ||     2
Armor: Robe              |       |     8 |    15 ||    23
Dodge: Dodged            |    10 |    73 |    48 ||   131
       Deflected         |       |     1 |     1 ||     2
Block: Buckler           |     4 |       |       ||     4
